 Dungeon Crawl Stone Soup version 0.28-a0-1555-g9ae15a6949 (webtiles) character file.

Game seed: 11279845106508681512

115 hashsling the Shield-Bearer (level 5, -6/37 HPs)
             Began as a Gnoll Wanderer on Jan 18, 2022.
             Killed from afar by an orc wizard (8 damage)
             ... with a magic dart
             ... on level 3 of the Dungeon.
             The game lasted 00:07:46 (3089 turns).

hashsling the Shield-Bearer (Gnoll Wanderer)        Turns: 3089, Time: 00:07:47

Health: -6/37      AC:  3    Str: 15    XL:     5   Next: 0%
Magic:  8/8        EV:  8    Int:  9    God:
Gold:   82         SH:  0    Dex: 12    Spells: 6/6 levels left

rFire   . . .      SeeInvis .   b - +0 war axe
rCold   . . .      Faith    .   g - +0 tower shield
rNeg    . . .      Spirit   .   e - +0 leather armour
rPois   .          Reflect  .   (no helmet)
rElec   .          Harm     .   o - scarf {shadows}
rCorr   .          Rampage  .   (no gloves)
Will    .....                   (no boots)
Stlth   +.........              (no amulet)
HPRegen 0.12/turn               (no ring)
MPRegen 0.11/turn               (no ring)

@: confused
A: fangs 1, strong nose, distributed training
a: no special abilities


You were on level 3 of the Dungeon.
You visited 1 branch of the dungeon, and saw 3 of its levels.

You collected 82 gold pieces.

Inventory:

Hand Weapons
 a - a +2 vorpal hunting sling
 b - a +0 war axe (weapon)
 k - a +2 hand crossbow
 m - a +0 dagger
 t - a +0 trident
Missiles
 f - 26 bolts
 l - 31 stones (quivered)
Armour
 d - a +0 buckler
 e - a +0 leather armour (worn)
 g - a +0 tower shield (worn)
 o - a scarf of shadows (worn)
Jewellery
 q - a +6 ring of dexterity
Scrolls
 c - a scroll of teleportation
 h - a scroll of blinking {unknown}
 i - 3 scrolls of identify {unknown}
 s - a scroll of noise {unknown}
Potions
 j - 2 potions of berserk rage {unknown}
 n - a potion of curing {unknown}
 p - a potion of attraction {unknown}
 r - a potion of invisibility {unknown}


   Skills:
 + Level 1.3 Fighting
 + Level 1.3 Short Blades
 + Level 1.3 Long Blades
 + Level 1.3 Axes
 + Level 1.3 Maces & Flails
 + Level 1.3 Polearms
 + Level 1.3 Staves
 + Level 1.3 Slings
 + Level 1.3 Bows
 + Level 6.6 Crossbows
 + Level 1.3 Throwing
 + Level 2.8 Armour
 + Level 1.3 Dodging
 + Level 1.3 Stealth
 + Level 6.6 Shields
 + Level 1.3 Unarmed Combat
 + Level 1.3 Spellcasting
 + Level 1.0 Conjurations
 + Level 1.0 Hexes
 + Level 1.0 Summonings
 + Level 1.0 Necromancy
 + Level 1.0 Translocations
 + Level 1.0 Transmutations
 + Level 1.0 Fire Magic
 + Level 1.0 Ice Magic
 + Level 1.0 Air Magic
 + Level 1.0 Earth Magic
 + Level 1.0 Poison Magic
 + Level 4.8 Invocations
 + Level 2.8 Evocations


You had 6 spell levels left.
You didn't know any spells.
Your spell library was empty.

Dungeon Overview and Level Annotations

Branches:
Dungeon (3/15)

Altars:
Zin

Shops:
D:2 =


Innate Abilities, Weirdness & Mutations

You have very sharp teeth.
Your uncanny sense of smell can sniff out nearby items.
Your experience applies equally to all skills.


Message History

You block the orc's attack. You block something's attack.
You barely miss the orc.
The orc is lightly wounded.
You closely miss something. You block the orc's attack.
You block something's attack. The orc closely misses you. Something hits you.
You hit the orc.
You kill the orc!
You closely miss something.
You hear some strange, mumbled words.
You are confused.
You have reached level 5!
You bump into the rock wall.
You hear some strange, mumbled words.
You are more confused.
Something hits you.
* * * LOW HITPOINT WARNING * * *
You barely miss something. Something hits you.
* * * LOW HITPOINT WARNING * * *
You hear some strange, mumbled words.
Something tries to affect you, but you resist.
Something hits you but does no damage.
Things that are here:
a +0 club; a +0 scale mail; a stone You hear some strange, mumbled words.
You are more confused.
Something hits you.
* * * LOW HITPOINT WARNING * * *
Things that are here:
a +0 club; a +0 scale mail; a stone You hear some strange, mumbled words.
A magic dart appears from out of thin air!
The magic dart hits you!
* * * LOW HITPOINT WARNING * * *
Things that are here:
a +0 club; a +0 scale mail; a stone You miss something.
You hear some strange, mumbled words.
A magic dart appears from out of thin air!
The magic dart hits you!
You die...

#.#≈.⌠≈#..#.......##.#....
#.#≈>_≈#..#####.####.#....
#.#≈≈≈≈#.....##.####.#....
#.######..##.#....##.#....
#..........#.#....##.#....
###.#......#.'....##.#....
#.##.....###....##.#....
#.##.#...# #....##.#....
#.##.#.@.###....##.#....
#.##...{..#.....##.##...
#.######..#.######.##.##
#.# .....# #.##.# #(##.#
#....# ... .# ###### ._. #


There were no monsters in sight!

Vanquished Creatures
  3 adders
  2 worms (D:2)
  4 dart slugs
  2 orcs (D:3)
  A ball python (D:1)
  7 endoplasms
  12 goblins
  7 hobgoblins
  2 jackals (D:2)
  9 kobolds
  4 quokkas
  5 bats
  3 frilled lizards
  6 rats
67 creatures vanquished.

Notes
Turn   | Place    | Note
-------+----------+-------------------------------------------
     0 | D:1      | hashsling the Gnoll Wanderer began the quest for the Orb.
     0 | D:1      | hashsling set off with the following items: a +2 hand
                  | crossbow, 27 bolts, a scroll of teleportation, a +0
                  | buckler, a +0 leather armour
     0 | D:1      | Reached XP level 1. HP: 13/13 MP: 3/3
    56 | D:1      | Reached XP level 2. HP: 19/19 MP: 5/5
   538 | D:1      | Reached XP level 3. HP: 18/25 MP: 6/6
  1640 | D:2      | Reached skill level 1 in Fighting
  1640 | D:2      | Reached skill level 1 in Short Blades
  1640 | D:2      | Reached skill level 1 in Long Blades
  1640 | D:2      | Reached skill level 1 in Axes
  1640 | D:2      | Reached skill level 1 in Maces & Flails
  1640 | D:2      | Reached skill level 1 in Polearms
  1640 | D:2      | Reached skill level 1 in Staves
  1640 | D:2      | Reached skill level 1 in Slings
  1640 | D:2      | Reached skill level 1 in Bows
  1640 | D:2      | Reached skill level 1 in Throwing
  1640 | D:2      | Reached skill level 1 in Dodging
  1640 | D:2      | Reached skill level 1 in Stealth
  1640 | D:2      | Reached skill level 1 in Unarmed Combat
  1640 | D:2      | Reached skill level 1 in Spellcasting
  1640 | D:2      | Reached XP level 4. HP: 15/32 MP: 7/7
  2364 | D:2      | Found Bacin's One-of-a-Kind Rings.
  2372 | D:2      | Reached skill level 1 in Conjurations
  2372 | D:2      | Reached skill level 1 in Hexes
  2372 | D:2      | Reached skill level 1 in Summonings
  2372 | D:2      | Reached skill level 1 in Necromancy
  2372 | D:2      | Reached skill level 1 in Translocations
  2372 | D:2      | Reached skill level 1 in Transmutations
  2372 | D:2      | Reached skill level 1 in Fire Magic
  2372 | D:2      | Reached skill level 1 in Ice Magic
  2372 | D:2      | Reached skill level 1 in Air Magic
  2372 | D:2      | Reached skill level 1 in Earth Magic
  2372 | D:2      | Reached skill level 1 in Poison Magic
  3049 | D:3      | Found a glowing silver altar of Zin.
  3067 | D:3      | Found a faded altar of an unknown god.
  3080 | D:3      | Reached XP level 5. HP: 11/37 MP: 8/8
  3089 | D:3      | Killed from afar by an orc wizard

Illustrated notes

Levels and vault maps discovered:
D:1:      psy_arrival_whirlpool, layout_basic, interstate_on_off,
          lemuel_old_faithful
D:2:      layout_loops_ring, minmay_hedge_maze, st_stairs_8,
          nicolae_shop_unique_rings
D:3:      layout_basic, general_overflow_altar, serial_shops, shop_statue,
          biasface_ghost_orc_armoury, ebering_ecumenical_altar_box

Skill      XL: |  1  2  3  4 |
---------------+-------------+-----
Fighting       | 1 |  1.3
Short Blades   | 1 |  1.3
Long Blades    | 1 |  1.3
Axes           | 1 |  1.3
Maces & Flails | 1 |  1.3
Polearms       | 1 |  1.3
Staves         | 1 |  1.3
Slings         | 1 |  1.3
Bows           | 1 |  1.3
Throwing       | 1 |  1.3
Dodging        | 1 |  1.3
Stealth        | 1 |  1.3
Unarmed Combat | 1 |  1.3
Spellcasting   | 1 |  1.3
Conjurations   | 1 |  1.0
Hexes          | 1 |  1.0
Summonings     | 1 |  1.0
Necromancy     | 1 |  1.0
Translocations | 1 |  1.0
Transmutations | 1 |  1.0
Fire Magic     | 1 |  1.0
Ice Magic      | 1 |  1.0
Air Magic      | 1 |  1.0
Earth Magic    | 1 |  1.0
Poison Magic   | 1 |  1.0
Crossbows      | |  6.6
Armour         | |  2.8
Shields        | |  6.6
Invocations    | |  4.8
Evocations     | |  2.8

Action                   |  1- 3 |  4- 6 || total
-------------------------+-------+-------++-------
Melee: Unarmed           |    11 |       ||    11
       Bite              |    11 |     1 ||    12
       Dagger            |    91 |       ||    91
       War axe           |     4 |    53 ||    57
       Trident           |       |     4 ||     4
 Fire: Hand crossbow     |    15 |       ||    15
       Hunting sling     |    25 |    41 ||    66
 Stab: Sleeping          |     1 |       ||     1
Armor: Leather armour    |    30 |    21 ||    51
Dodge: Dodged            |    35 |    11 ||    46
Block: Buckler           |     4 |       ||     4
       Tower shield      |    73 |    61 ||   134

Table legend: (Time is in decaauts)
 A = Elapsed time spent in this place.
 B = Non-inter-level travel time spent in this place.
 C = Inter-level travel time spent in this place.
 D = Time resting spent in this place.
 E = Time spent auto-exploring this place.
 F = Levels seen in this place.
 G = Mean time per level.
                   A        B        C        D        E       F      G
               +--------+--------+--------+--------+--------+-----+--------+
         Total |   3187 |   3110 |     77 |      0 |   2484 |   3 | 1062.3 |
       Dungeon |   3187 |   3110 |     77 |      0 |   2484 |   3 | 1062.3 |
               +--------+--------+--------+--------+--------+-----+--------+

Top non-repeatable levels by time:
     D:2: 1525 daAuts
     D:1: 1173 daAuts
     D:3: 489 daAuts
